Harfangs vs Saguenéens
(R1)
Created - March 5, 2019 at 22:04
Goals
|
| Harfangs |
0 |
3 |
1 |
4 |
| Saguenéens |
0 |
2 |
3 |
5 |
|
Shots
|
| Harfangs |
10 |
14 |
8 |
32 |
| Saguenéens |
9 |
7 |
26 |
42 |
|
1st period
No Goal
Penalties :
Oscar Sundqvist (BEA) for Roughing (Minor) at 10:35
2nd period
1. Saguenéens , Tobias Rieder 21 (Bobby Sanguinetti 41) at 6:55
2. Harfangs , Dustin Jeffrey 8 (Jeff Petry 16, Tomas Kubalik 24) at 8:30
3. Harfangs , Tomas Kubalik 25 (Jeff Petry 17) at 9:01
4. Harfangs , Andreas Martinsen 20 (Steve Ott 29, Anton Forsberg) at 10:25
5. Saguenéens , Kyle Brodziak 32 (Luke Witkowski 59, Carl Hagelin 50) at 19:52
Penalties :
Carl Hagelin (Chi) for Elbowing (Minor) at 1:17, Nick Mattson (Chi) for Hooking (Minor) at 4:26, Steve McCarthy (BEA) for Roughing (Minor) at 11:56
3rd period
6. Harfangs , Michael Bournival 23 (Jimmy Hayes 47, Calle Jarnkrok 40) at 4:49
7. Saguenéens , Tanner Richard 11 (Jake McCabe 27, Jerry D'Amigo 13) at 8:06
8. Saguenéens , Carl Hagelin 34 (Seth Jones 43, Luke Witkowski 60) at 8:56
9. Saguenéens , Jake McCabe 3 (Seth Jones 44, Teemu Pulkkinen 21) at 18:25
Penalties :
Michael Bournival (BEA) for Hooking (Minor) at 11:59
Goalie Stats
Anton Forsberg (BEA), 37 saves from 42 shots - (0.881), L, 14-16-1, 58:31 minutes
Joe Cannata (Chi), 28 saves from 32 shots - (0.875), W, 12-4-1, 60:00 minutes
Players Stats for Harfangs
Player Name G A P +/- PIM S H SB GA TA FO MP PP MP PK MP
------------------------------------------------------------------------------------
Andreas Martinsen 1 0 1 -3 0 1 4 0 1 0 0/0 12:36 0:03 1:43
Blake Heinrich 0 0 0 0 0 0 0 0 0 0 0/0 0:57 0:00 0:00
Brandon Pirri 0 0 0 -3 0 2 2 0 0 0 0/0 11:35 0:00 0:00
Brenden Kichton 0 0 0 -2 0 0 0 1 0 0 0/0 15:35 0:00 1:09
Calle Jarnkrok 0 1 1 0 0 0 0 0 0 1 11/25 18:40 1:54 0:00
Colton Sissons 0 0 0 0 0 2 2 1 0 0 4/5 9:25 0:00 1:11
Dustin Jeffrey 1 0 1 2 0 3 7 1 1 0 1/1 16:21 2:04 0:00
Jeff Petry 0 2 2 1 0 2 4 3 1 1 0/0 25:38 2:19 2:32
Jimmy Hayes 0 1 1 0 0 2 2 0 1 0 0/2 21:44 1:54 3:04
Jujhar Khaira 0 0 0 0 0 5 1 0 1 0 0/0 8:13 0:00 0:10
Michael Bournival 1 0 1 0 2 3 2 2 1 0 0/2 19:50 1:54 1:00
Oscar Sundqvist 0 0 0 2 2 1 1 0 0 0 6/12 17:54 2:01 1:39
Reid McNeill 0 0 0 -1 0 1 3 2 0 1 0/0 22:54 2:19 2:36
Ryan Hartman 0 0 0 0 0 0 1 0 0 0 0/0 8:03 0:00 0:00
Steve McCarthy 0 0 0 0 2 1 1 0 0 1 0/0 27:29 1:39 2:16
Steve Ott 0 1 1 -3 0 3 3 0 0 0 11/16 13:55 0:00 3:07
Tomas Kubalik 1 1 2 2 0 5 2 0 2 0 0/0 16:21 2:04 0:00
Victor Bartley 0 0 0 0 0 1 1 2 0 1 0/0 26:50 1:39 3:21
Players Stats for Saguenéens
Player Name G A P +/- PIM S H SB GA TA FO MP PP MP PK MP
------------------------------------------------------------------------------------
Adam Erne 0 0 0 0 0 0 0 0 0 0 0/0 0:00 0:00 0:00
Bobby Sanguinetti 0 1 1 0 0 2 2 3 0 0 0/0 24:02 3:32 2:21
Calle Andersson 0 0 0 0 0 0 1 0 0 0 0/0 12:52 0:00 0:50
Carl Hagelin 1 1 2 1 2 5 1 0 0 0 1/2 20:41 3:15 0:40
Craig Cunningham 0 0 0 -2 0 2 0 2 2 0 0/0 15:26 2:41 0:31
Dalton Prout 0 0 0 0 0 0 0 0 0 0 0/0 0:41 0:00 0:00
Henrik Samuelsson 0 0 0 0 0 0 0 0 0 0 0/0 0:30 0:01 0:07
Jake McCabe 1 1 2 1 0 7 1 2 0 1 0/0 24:03 2:25 1:37
Jerry D'Amigo 0 1 1 1 0 1 0 0 0 0 0/0 9:04 0:01 0:00
Juraj Mikus 0 0 0 -2 0 2 1 0 0 0 7/13 14:55 2:41 0:00
Kerby Rychel 0 0 0 1 0 1 1 1 0 0 0/0 8:45 0:00 0:00
Kyle Brodziak 1 0 1 1 0 3 2 0 0 2 17/32 22:02 3:15 2:04
Luke Witkowski 0 2 2 1 0 1 2 2 2 1 0/0 22:08 3:15 2:07
Mattias Janmark 0 0 0 0 0 1 0 0 0 0 0/0 0:19 0:01 0:00
Mikhail Grigorenko 0 0 0 0 0 0 0 0 0 0 0/0 1:10 0:00 1:07
Myles Bell 0 0 0 0 0 0 0 0 0 0 0/0 0:00 0:00 0:00
Nathan MacKinnon 0 0 0 1 0 2 0 0 1 1 3/10 11:58 0:00 0:00
Nick Mattson 0 0 0 0 2 0 2 2 0 0 0/0 18:05 2:25 0:40
Nick Paul 0 0 0 0 0 0 0 0 0 0 0/0 0:00 0:00 0:00
Patrick Sieloff 0 0 0 0 0 0 1 0 0 0 0/0 12:05 0:00 0:07
Rhett Rakhshani 0 0 0 1 0 1 2 0 0 0 0/0 11:58 0:00 0:00
Seth Jones 0 2 2 1 0 5 1 1 0 2 0/0 28:14 3:32 2:21
Tanner Richard 1 0 1 1 0 4 2 1 0 0 2/5 8:45 0:00 0:00
Teemu Pulkkinen 0 1 1 1 0 2 0 0 0 1 0/0 11:58 0:00 0:00
Tobias Rieder 1 0 1 -2 0 3 4 0 0 0 0/1 16:19 2:41 1:20
3 Stars
1 - Dustin Jeffrey (BEA)
2 - Tomas Kubalik (BEA)
3 - Jake McCabe (Chi)
Power Play
Harfangs - 0 on 2 Attempt(s) - 0.00%
Saguenéens - 0 on 3 Attempt(s) - 0.00%
Penalty Kill
Harfangs - 3 on 3 Attempt(s) - 100.00%
- Score 0 goal in Penalty Kill
Saguenéens - 2 on 2 Attempt(s) - 100.00%
- Score 0 goal in Penalty Kill
Team Stat
Harfangs - Hits : 36 - Faceoff Wins : 33 - Blocked Shots : 12 - Penalty Minutes : 6
Saguenéens - Hits : 23 - Faceoff Wins : 30 - Blocked Shots : 14 - Penalty Minutes : 4
Official
Referees : Unknown
Linesman : Unknown
Game Notes
Blake Heinrich is injured at 1:21 of 1st period (Facial Surgery)
Finance
Level 1 -- Attendance: 1521 (76.05%) -- Ticket Income $60,840
Level 2 -- Attendance: 801 (80.10%) -- Ticket Income $16,020
Total Attendance: 2322 (77.40%)
Total Ticket Income: $76,860
Other Income: $3,843
Total Income: $80,703
Harfangs
5 vs 5 Forward
Center Left Wing Right Wing Time % Phy DF OF
1 Calle Jarnkrok Michael Bournival Jimmy Hayes 40 0 1 4
2 Oscar Sundqvist Dustin Jeffrey Tomas Kubalik 30 0 1 4
3 Steve Ott Andreas Martinsen Brandon Pirri 20 0 2 3
4 Colton Sissons Jujhar Khaira Ryan Hartman 10 0 3 2
5 vs 5 Defense
Defense Defense Time % Phy DF OF
1 Steve McCarthy Victor Bartley 40 1 3 1
2 Jeff Petry Reid McNeill 30 1 3 1
3 Brenden Kichton Blake Heinrich 20 1 3 1
4 Steve McCarthy Victor Bartley 10 1 3 1
PowerPlay Forward
Center Left Wing Right Wing Time % Phy DF OF
1 Calle Jarnkrok Michael Bournival Jimmy Hayes 60 0 1 4
2 Oscar Sundqvist Dustin Jeffrey Tomas Kubalik 40 0 1 4
PowerPlay Defense
Defense Defense Time % Phy DF OF
1 Steve McCarthy Victor Bartley 60 0 2 3
2 Jeff Petry Reid McNeill 40 0 2 3
Penalty Kill 4 Players Forward
Center Wing Time % Phy DF OF
1 Steve Ott Jimmy Hayes 60 0 4 1
2 Oscar Sundqvist Michael Bournival 40 0 4 1
Penalty Kill 4 Players Defense
Defense Defense Time % Phy DF OF
1 Steve McCarthy Victor Bartley 60 1 4 0
2 Jeff Petry Reid McNeill 40 1 4 0
Penalty Kill - 3 Players Forward
Forward Time % Phy DF OF
1 Steve Ott 60 0 4 1
2 Oscar Sundqvist 40 0 4 1
Penalty Kill - 3 Players Defense
Defense Defense Time % Phy DF OF
1 Steve McCarthy Victor Bartley 60 1 4 0
2 Jeff Petry Reid McNeill 40 1 4 0
4 vs 4 Forward
Center Wing Time % Phy DF OF
1 Calle Jarnkrok Jimmy Hayes 60 0 2 3
2 Oscar Sundqvist Michael Bournival 40 0 2 3
4 vs 4 Defense
Defense Defense Time % Phy DF OF
1 Steve McCarthy Victor Bartley 60 1 3 1
2 Jeff Petry Reid McNeill 40 1 3 1
Last Minutes Offensive
Center Left Wing Right Wing Defense Defense
Calle Jarnkrok Michael Bournival Jimmy Hayes Steve McCarthy Victor Bartley
Last Minutes Defensive
Center Left Wing Right Wing Defense Defense
Steve Ott Michael Bournival Jimmy Hayes Steve McCarthy Victor Bartley
Goaltenders
Starting : Anton Forsberg
Backup : Zachary Fucale
Extra Forwards
Normal : Andreas Martinsen, Brandon Pirri, Oscar Sundqvist - PP : Andreas Martinsen, Brandon Pirri - PK : Oscar Sundqvist
Extra Defensemen
Normal : Brenden Kichton, Blake Heinrich, Jeff Petry - PP : Brenden Kichton - PK : Blake Heinrich, Jeff Petry
Penalty Shots
Dustin Jeffrey, Michael Bournival, Steve Ott, Tomas Kubalik, Brandon Pirri
Scratches
Garnet Hathaway (Healthy), Cristoval Nieves (Healthy), Jake Dotchin (Healthy), Dylan Olsen (Herniated Disc Injury), Morgan Klimchuk (Healthy)
Nick Sorensen (Healthy), Laurent Dauphin (Healthy), Mark Alt (Healthy), Brendan Leipsic (Healthy), Rinat Valiev (Healthy)
Erik Nystrom (Healthy), Jason Kasdorf (Healthy), Mark Visentin (Healthy), Scott Wedgewood (Healthy)
Saguenéens
5 vs 5 Forward
Center Left Wing Right Wing Time % Phy DF OF
1 Kyle Brodziak Carl Hagelin Luke Witkowski 40 1 2 2
2 Juraj Mikus Craig Cunningham Tobias Rieder 30 1 2 2
3 Nathan MacKinnon Teemu Pulkkinen Rhett Rakhshani 20 1 2 2
4 Tanner Richard Kerby Rychel Jerry D'Amigo 10 1 2 2
5 vs 5 Defense
Defense Defense Time % Phy DF OF
1 Jake McCabe Seth Jones 40 1 2 2
2 Bobby Sanguinetti Nick Mattson 30 1 2 2
3 Patrick Sieloff Calle Andersson 20 1 2 2
4 Bobby Sanguinetti Seth Jones 10 1 2 2
PowerPlay Forward
Center Left Wing Right Wing Time % Phy DF OF
1 Kyle Brodziak Carl Hagelin Luke Witkowski 60 1 2 2
2 Juraj Mikus Craig Cunningham Tobias Rieder 40 1 2 2
PowerPlay Defense
Defense Defense Time % Phy DF OF
1 Bobby Sanguinetti Seth Jones 60 1 2 2
2 Jake McCabe Nick Mattson 40 1 2 2
Penalty Kill 4 Players Forward
Center Wing Time % Phy DF OF
1 Kyle Brodziak Luke Witkowski 60 1 2 2
2 Carl Hagelin Tobias Rieder 40 1 2 2
Penalty Kill 4 Players Defense
Defense Defense Time % Phy DF OF
1 Bobby Sanguinetti Seth Jones 60 1 2 2
2 Jake McCabe Nick Mattson 40 1 2 2
Penalty Kill - 3 Players Forward
Forward Time % Phy DF OF
1 Kyle Brodziak 60 1 2 2
2 Luke Witkowski 40 1 2 2
Penalty Kill - 3 Players Defense
Defense Defense Time % Phy DF OF
1 Bobby Sanguinetti Seth Jones 60 1 2 2
2 Jake McCabe Nick Mattson 40 1 2 2
4 vs 4 Forward
Center Wing Time % Phy DF OF
1 Kyle Brodziak Luke Witkowski 60 1 2 2
2 Carl Hagelin Tobias Rieder 40 1 2 2
4 vs 4 Defense
Defense Defense Time % Phy DF OF
1 Bobby Sanguinetti Seth Jones 60 1 2 2
2 Jake McCabe Nick Mattson 40 1 2 2
Last Minutes Offensive
Center Left Wing Right Wing Defense Defense
Kyle Brodziak Carl Hagelin Luke Witkowski Bobby Sanguinetti Seth Jones
Last Minutes Defensive
Center Left Wing Right Wing Defense Defense
Kyle Brodziak Carl Hagelin Luke Witkowski Bobby Sanguinetti Seth Jones
Goaltenders
Starting : Joe Cannata
Backup : Martin Jones
Extra Forwards
Normal : Henrik Samuelsson, Mattias Janmark, Mikhail Grigorenko - PP : Henrik Samuelsson, Mattias Janmark - PK : Mikhail Grigorenko
Extra Defensemen
Normal : Patrick Sieloff, Calle Andersson, Jake McCabe - PP : Patrick Sieloff - PK : Calle Andersson, Jake McCabe
Penalty Shots
Kyle Brodziak, Luke Witkowski, Carl Hagelin, Tobias Rieder, Juraj Mikus
Scratches
Dylan Labbe (Healthy), Mike Sauer (Left Leg Injury)
% Time on Ice - Harfangs
Lines # - Real PCT - Wanted PCT - Time Play
Normal Forward
1 - 32% - 40% - 15:33
2 - 30% - 30% - 14:28
3 - 22% - 20% - 10:47
4 - 16% - 10% - 8:03
Normal Defense
1 - 38% - 40% - 18:40
2 - 28% - 30% - 13:40
3 - 30% - 20% - 14:41
4 - 4% - 10% - 1:50
PP Forward
1 - 48% - 60% - 1:54
2 - 52% - 40% - 2:04
PP Defense
1 - 42% - 60% - 1:39
2 - 58% - 40% - 2:19
PK Forward
1 - 76% - 60% - 4:33
2 - 24% - 40% - 1:24
PK Defense
1 - 64% - 60% - 3:50
2 - 36% - 40% - 2:07
PK3 Forward
1 - 0% - 60%
2 - 0% - 40%
PK3 Defense
1 - 0% - 60%
2 - 0% - 40%
44 Forward
1 - 0% - 60%
2 - 0% - 40%
44 Defense
1 - 0% - 60%
2 - 0% - 40%
Last Minute Offensive - 1:14
Last Minute Defensive - 0:00
Total
Forward - 60:00
Defense - 60:00
|
% Time on Ice - Saguenéens
Lines # - Real PCT - Wanted PCT - Time Play
Normal Forward
1 - 32% - 40% - 15:49
2 - 25% - 30% - 12:18
3 - 25% - 20% - 11:58
4 - 18% - 10% - 8:45
Normal Defense
1 - 39% - 40% - 19:15
2 - 31% - 30% - 15:01
3 - 24% - 20% - 11:55
4 - 5% - 10% - 2:39
PP Forward
1 - 55% - 60% - 3:16
2 - 45% - 40% - 2:41
PP Defense
1 - 59% - 60% - 3:32
2 - 41% - 40% - 2:25
PK Forward
1 - 66% - 60% - 2:38
2 - 34% - 40% - 1:20
PK Defense
1 - 62% - 60% - 2:28
2 - 38% - 40% - 1:30
PK3 Forward
1 - 0% - 60%
2 - 0% - 40%
PK3 Defense
1 - 0% - 60%
2 - 0% - 40%
44 Forward
1 - 0% - 60%
2 - 0% - 40%
44 Defense
1 - 0% - 60%
2 - 0% - 40%
Last Minute Offensive - 0:00
Last Minute Defensive - 1:15
Total
Forward - 60:00
Defense - 60:00
|
Play-by-Play
1st period
0:01 of 1st period - Kyle Brodziak wins face-off versus Calle Jarnkrok in neutral zone.
0:08 of 1st period - Slapshot by Seth Jones.
0:08 of 1st period - Shot Blocked by Victor Bartley.
0:10 of 1st period - Slapshot by Jake McCabe.
0:10 of 1st period - Stopped by Anton Forsberg without a rebound.
0:11 of 1st period - Juraj Mikus wins face-off versus Oscar Sundqvist in Harfangs zone.
0:24 of 1st period - Icing by Juraj Mikus.
0:25 of 1st period - Juraj Mikus wins face-off versus Steve Ott in Saguenéens zone.
0:25 of 1st period - Juraj Mikus is hit by Steve Ott.
0:30 of 1st period - Off-side.
0:31 of 1st period - Steve Ott wins face-off versus Nathan MacKinnon in neutral zone.
0:42 of 1st period - Wrist shot by Nathan MacKinnon.
0:42 of 1st period - Stopped by Anton Forsberg with a rebound.
0:46 of 1st period - Snap shot by Teemu Pulkkinen.
0:46 of 1st period - Stopped by Anton Forsberg with a rebound.
1:20 of 1st period - Blake Heinrich is hit by Kerby Rychel and loses puck.
1:21 of 1st period - Blake Heinrich from Harfangs is injured at 1:21 of 1st period (Facial Surgery).
1:22 of 1st period - Colton Sissons wins face-off versus Juraj Mikus in Harfangs zone.
1:22 of 1st period - Colton Sissons is hit by Tobias Rieder.
2:18 of 1st period - Wrist shot by Tomas Kubalik.
2:18 of 1st period - Shot Blocked by Tanner Richard.
2:20 of 1st period - Wrist shot by Tomas Kubalik.
2:20 of 1st period - Stopped by Joe Cannata with a rebound.
2:30 of 1st period - Tanner Richard is hit by Brandon Pirri and loses puck.
3:04 of 1st period - Icing by Tanner Richard.
3:05 of 1st period - Colton Sissons wins face-off versus Tanner Richard in Saguenéens zone.
3:06 of 1st period - Snap shot by Victor Bartley.
3:06 of 1st period - Shot Misses the Net.
3:08 of 1st period - Slapshot by Oscar Sundqvist.
3:08 of 1st period - Stopped by Joe Cannata with a rebound.
3:10 of 1st period - Snap shot by Tomas Kubalik.
3:10 of 1st period - Shot Blocked by Bobby Sanguinetti.
3:12 of 1st period - Snap shot by Dustin Jeffrey.
3:12 of 1st period - Stopped by Joe Cannata with a rebound.
3:54 of 1st period - Jake McCabe is hit by Jeff Petry.
4:12 of 1st period - Snap shot by Juraj Mikus.
4:12 of 1st period - Shot Misses the Net.
4:51 of 1st period - Slapshot by Jimmy Hayes.
4:51 of 1st period - Shot Blocked by Craig Cunningham.
5:07 of 1st period - Craig Cunningham is hit by Reid McNeill and loses puck.
5:28 of 1st period - Steve Ott is hit by Luke Witkowski and loses puck.
5:45 of 1st period - Snap shot by Tomas Kubalik.
5:45 of 1st period - Stopped by Joe Cannata with a rebound.
5:47 of 1st period - Wrist shot by Tomas Kubalik.
5:47 of 1st period - Shot Blocked by Jake McCabe.
5:49 of 1st period - Slapshot by Victor Bartley.
5:49 of 1st period - Stopped by Joe Cannata with a rebound.
6:17 of 1st period - Nathan MacKinnon is hit by Andreas Martinsen and loses puck.
7:00 of 1st period - Wrist shot by Kyle Brodziak.
7:00 of 1st period - Stopped by Anton Forsberg with a rebound.
7:12 of 1st period - Tomas Kubalik is hit by Rhett Rakhshani and loses puck.
7:22 of 1st period - Icing by Dalton Prout.
7:23 of 1st period - Calle Jarnkrok wins face-off versus Nathan MacKinnon in Saguenéens zone.
7:41 of 1st period - Kyle Brodziak is hit by Michael Bournival and loses puck.
8:13 of 1st period - Calle Andersson is hit by Dustin Jeffrey and loses puck.
8:34 of 1st period - Tomas Kubalik is hit by Tobias Rieder and loses puck.
8:46 of 1st period - Jake McCabe is hit by Dustin Jeffrey and loses puck.
8:51 of 1st period - Wrist shot by Tomas Kubalik.
8:51 of 1st period - Stopped by Joe Cannata without a rebound.
8:52 of 1st period - Kyle Brodziak wins face-off versus Calle Jarnkrok in Saguenéens zone.
9:40 of 1st period - Jerry D'Amigo is hit by Victor Bartley and loses puck.
10:05 of 1st period - Wrist shot by Kyle Brodziak.
10:05 of 1st period - Deflect By Carl Hagelin.
10:05 of 1st period - Shot Blocked by Victor Bartley.
10:05 of 1st period - Puck is out of play.
10:06 of 1st period - Calle Jarnkrok wins face-off versus Kyle Brodziak in Harfangs zone.
10:35 of 1st period - Minor Penalty to Oscar Sundqvist for Roughing.
10:36 of 1st period - Steve Ott wins face-off versus Kyle Brodziak in Harfangs zone.
10:52 of 1st period - Snap shot by Steve Ott.
10:52 of 1st period - Stopped by Joe Cannata with a rebound.
12:12 of 1st period - Icing by Bobby Sanguinetti.
12:13 of 1st period - Kyle Brodziak wins face-off versus Colton Sissons in Saguenéens zone.
12:35 of 1st period - Penalty to Oscar Sundqvist is over, Oscar Sundqvist is back on ice.
12:55 of 1st period - Wrist shot by Dustin Jeffrey.
12:55 of 1st period - Stopped by Joe Cannata without a rebound.
12:56 of 1st period - Oscar Sundqvist wins face-off versus Nathan MacKinnon in Saguenéens zone.
12:59 of 1st period - Wrist shot by Dustin Jeffrey.
12:59 of 1st period - Shot Misses the Net.
13:21 of 1st period - Oscar Sundqvist is hit by Tanner Richard and loses puck.
13:35 of 1st period - Icing by Dustin Jeffrey.
13:36 of 1st period - Kyle Brodziak wins face-off versus Oscar Sundqvist in Harfangs zone.
13:41 of 1st period - Wrist shot by Kyle Brodziak.
13:41 of 1st period - Stopped by Anton Forsberg with a rebound.
13:59 of 1st period - Snap shot by Oscar Sundqvist.
13:59 of 1st period - Shot Misses the Net.
14:01 of 1st period - Slapshot by Victor Bartley.
14:01 of 1st period - Shot Misses the Net.
14:03 of 1st period - Wrist shot by Oscar Sundqvist.
14:03 of 1st period - Shot Misses the Net.
14:05 of 1st period - Slapshot by Victor Bartley.
14:05 of 1st period - Deflect By Tomas Kubalik.
14:05 of 1st period - Stopped by Joe Cannata without a rebound.
14:06 of 1st period - Juraj Mikus wins face-off versus Calle Jarnkrok in Saguenéens zone.
14:06 of 1st period - Juraj Mikus is hit by Jeff Petry.
14:44 of 1st period - Backhand shot by Brandon Pirri.
14:44 of 1st period - Shot Misses the Net.
15:00 of 1st period - Slapshot by Jujhar Khaira.
15:00 of 1st period - Stopped by Joe Cannata with a rebound.
15:48 of 1st period - Jimmy Hayes is hit by Tanner Richard and loses puck.
16:01 of 1st period - Steve Ott is hit by Seth Jones and loses puck.
16:22 of 1st period - Calle Andersson is hit by Dustin Jeffrey and loses puck.
17:06 of 1st period - Snap shot by Tobias Rieder.
17:06 of 1st period - Stopped by Anton Forsberg with a rebound.
17:08 of 1st period - Snap shot by Juraj Mikus.
17:08 of 1st period - Shot Misses the Net.
17:10 of 1st period - Slapshot by Seth Jones.
17:10 of 1st period - Stopped by Anton Forsberg without a rebound.
17:11 of 1st period - Juraj Mikus wins face-off versus Oscar Sundqvist in Harfangs zone.
17:12 of 1st period - Slapshot by Seth Jones.
17:12 of 1st period - Deflect By Juraj Mikus.
17:12 of 1st period - Stopped by Anton Forsberg without a rebound.
17:13 of 1st period - Dustin Jeffrey wins face-off versus Kyle Brodziak in Harfangs zone.
17:15 of 1st period - Icing by Jeff Petry.
17:16 of 1st period - Kyle Brodziak wins face-off versus Oscar Sundqvist in Harfangs zone.
17:34 of 1st period - Luke Witkowski is hit by Dustin Jeffrey and loses puck.
18:16 of 1st period - Wrist shot by Dustin Jeffrey.
18:16 of 1st period - Shot Blocked by Jake McCabe.
18:22 of 1st period - Snap shot by Carl Hagelin.
18:22 of 1st period - Stopped by Anton Forsberg with a rebound.
18:44 of 1st period - Snap shot by Kyle Brodziak.
18:44 of 1st period - Deflect By Carl Hagelin.
18:44 of 1st period - Shot Misses the Net.
18:44 of 1st period - Puck is out of play.
18:45 of 1st period - Calle Jarnkrok wins face-off versus Juraj Mikus in Harfangs zone.
19:32 of 1st period - Patrick Sieloff is hit by Ryan Hartman.
19:38 of 1st period - Snap shot by Reid McNeill.
19:38 of 1st period - Shot Blocked by Kerby Rychel.
19:44 of 1st period - Jerry D'Amigo is hit by Colton Sissons.
19:59 of 1st period - Nick Mattson is hit by Michael Bournival and loses puck.
Goals for this period are 0 for Harfangs vs 0 for Saguenéens.
Shots for this period are 10 for Harfangs vs 9 for Saguenéens.
2nd period
0:01 of 2nd period - Kyle Brodziak wins face-off versus Michael Bournival in neutral zone.
0:06 of 2nd period - Slapshot by Jake McCabe.
0:06 of 2nd period - Stopped by Anton Forsberg with a rebound.
0:33 of 2nd period - Snap shot by Michael Bournival.
0:33 of 2nd period - Shot Misses the Net.
1:02 of 2nd period - Slapshot by Steve Ott.
1:02 of 2nd period - Stopped by Joe Cannata without a rebound.
1:03 of 2nd period - Steve Ott wins face-off versus Kyle Brodziak in Saguenéens zone.
1:17 of 2nd period - Minor Penalty to Carl Hagelin for Elbowing.
1:18 of 2nd period - Calle Jarnkrok wins face-off versus Kyle Brodziak in Saguenéens zone.
1:24 of 2nd period - Wrist shot by Michael Bournival.
1:24 of 2nd period - Stopped by Joe Cannata without a rebound.
1:25 of 2nd period - Kyle Brodziak wins face-off versus Jimmy Hayes in Saguenéens zone.
1:30 of 2nd period - Slapshot by Seth Jones.
1:30 of 2nd period - Stopped by Anton Forsberg with a rebound.
1:40 of 2nd period - Snap shot by Calle Jarnkrok.
1:40 of 2nd period - Shot Blocked by Luke Witkowski.
2:00 of 2nd period - Slapshot by Steve McCarthy.
2:00 of 2nd period - Shot Blocked by Luke Witkowski.
2:51 of 2nd period - Jake McCabe is hit by Oscar Sundqvist and loses puck.
3:17 of 2nd period - Penalty to Carl Hagelin is over, Carl Hagelin is back on ice.
3:23 of 2nd period - Off-side.
3:24 of 2nd period - Steve Ott wins face-off versus Nathan MacKinnon in neutral zone.
4:14 of 2nd period - Wrist shot by Jujhar Khaira.
4:14 of 2nd period - Stopped by Joe Cannata with a rebound.
4:26 of 2nd period - Minor Penalty to Nick Mattson for Hooking.
4:27 of 2nd period - Kyle Brodziak wins face-off versus Calle Jarnkrok in Saguenéens zone.
5:01 of 2nd period - Slapshot by Jeff Petry.
5:01 of 2nd period - Deflect By Tobias Rieder.
5:01 of 2nd period - Stopped by Joe Cannata with a rebound.
6:26 of 2nd period - Penalty to Nick Mattson is over, Nick Mattson is back on ice.
6:40 of 2nd period - Snap shot by Colton Sissons.
6:40 of 2nd period - Stopped by Joe Cannata without a rebound.
6:41 of 2nd period - Juraj Mikus wins face-off versus Steve Ott in Saguenéens zone.
6:50 of 2nd period - Andreas Martinsen is hit by Tobias Rieder and loses puck.
6:55 of 2nd period - Snap shot by Tobias Rieder.
6:55 of 2nd period - Goal by Tobias Rieder - Harfangs : 0 - Saguenéens : 1.
6:56 of 2nd period - Kyle Brodziak wins face-off versus Calle Jarnkrok in neutral zone.
7:58 of 2nd period - Icing by Brenden Kichton.
7:59 of 2nd period - Oscar Sundqvist wins face-off versus Nathan MacKinnon in Harfangs zone.
8:26 of 2nd period - Snap shot by Tomas Kubalik.
8:26 of 2nd period - Shot Blocked by Craig Cunningham.
8:28 of 2nd period - Slapshot by Jeff Petry.
8:28 of 2nd period - Stopped by Joe Cannata with a rebound.
8:30 of 2nd period - Wrist shot by Dustin Jeffrey.
8:30 of 2nd period - Goal by Dustin Jeffrey - Harfangs : 1 - Saguenéens : 1.
8:31 of 2nd period - Calle Jarnkrok wins face-off versus Kyle Brodziak in neutral zone.
8:39 of 2nd period - Michael Bournival is hit by Kyle Brodziak and loses puck.
8:46 of 2nd period - Slapshot by Seth Jones.
8:46 of 2nd period - Shot Blocked by Jeff Petry.
9:01 of 2nd period - Snap shot by Tomas Kubalik.
9:01 of 2nd period - Goal by Tomas Kubalik - Harfangs : 2 - Saguenéens : 1.
9:02 of 2nd period - Calle Jarnkrok wins face-off versus Kyle Brodziak in neutral zone.
9:35 of 2nd period - Tomas Kubalik is hit by Juraj Mikus and loses puck.
9:49 of 2nd period - Icing by Nick Mattson.
9:50 of 2nd period - Steve Ott wins face-off versus Juraj Mikus in Saguenéens zone.
9:53 of 2nd period - Snap shot by Brandon Pirri.
9:53 of 2nd period - Shot Misses the Net.
9:55 of 2nd period - Snap shot by Steve Ott.
9:55 of 2nd period - Stopped by Joe Cannata without a rebound.
9:56 of 2nd period - Steve Ott wins face-off versus Kyle Brodziak in Saguenéens zone.
10:25 of 2nd period - Wrist shot by Andreas Martinsen.
10:25 of 2nd period - Goal by Andreas Martinsen - Harfangs : 3 - Saguenéens : 1.
10:26 of 2nd period - Kyle Brodziak wins face-off versus Calle Jarnkrok in neutral zone.
10:29 of 2nd period - Calle Jarnkrok is hit by Kyle Brodziak and loses puck.
10:34 of 2nd period - Snap shot by Luke Witkowski.
10:34 of 2nd period - Deflect By Carl Hagelin.
10:34 of 2nd period - Shot Misses the Net.
10:34 of 2nd period - Puck is out of play.
10:35 of 2nd period - Calle Jarnkrok wins face-off versus Kyle Brodziak in Harfangs zone.
10:52 of 2nd period - Slapshot by Jimmy Hayes.
10:52 of 2nd period - Deflect By Michael Bournival.
10:52 of 2nd period - Shot Misses the Net.
10:52 of 2nd period - Puck is out of play.
10:53 of 2nd period - Juraj Mikus wins face-off versus Oscar Sundqvist in Saguenéens zone.
11:41 of 2nd period - Snap shot by Jujhar Khaira.
11:41 of 2nd period - Stopped by Joe Cannata without a rebound.
11:42 of 2nd period - Colton Sissons wins face-off versus Nathan MacKinnon in Saguenéens zone.
11:56 of 2nd period - Minor Penalty to Steve McCarthy for Roughing.
11:57 of 2nd period - Steve Ott wins face-off versus Kyle Brodziak in Harfangs zone.
13:37 of 2nd period - Kyle Brodziak is hit by Colton Sissons and loses puck.
13:56 of 2nd period - Penalty to Steve McCarthy is over, Steve McCarthy is back on ice.
14:23 of 2nd period - Jake McCabe is hit by Dustin Jeffrey and loses puck.
15:02 of 2nd period - Snap shot by Tanner Richard.
15:02 of 2nd period - Stopped by Anton Forsberg without a rebound.
15:03 of 2nd period - Tanner Richard wins face-off versus Calle Jarnkrok in Harfangs zone.
15:06 of 2nd period - Snap shot by Tanner Richard.
15:06 of 2nd period - Stopped by Anton Forsberg without a rebound.
15:07 of 2nd period - Oscar Sundqvist wins face-off versus Tanner Richard in Harfangs zone.
15:07 of 2nd period - Oscar Sundqvist is hit by Bobby Sanguinetti.
15:54 of 2nd period - Slapshot by Jake McCabe.
15:54 of 2nd period - Stopped by Anton Forsberg without a rebound.
15:55 of 2nd period - Steve Ott wins face-off versus Kyle Brodziak in Harfangs zone.
16:22 of 2nd period - Seth Jones is hit by Tomas Kubalik and loses puck.
17:00 of 2nd period - Jimmy Hayes is hit by Calle Andersson and loses puck.
17:41 of 2nd period - Teemu Pulkkinen is hit by Brandon Pirri.
18:14 of 2nd period - Craig Cunningham is hit by Jujhar Khaira and loses puck.
18:49 of 2nd period - Patrick Sieloff is hit by Andreas Martinsen and loses puck.
18:58 of 2nd period - Patrick Sieloff is hit by Steve Ott and loses puck.
19:19 of 2nd period - Kyle Brodziak is hit by Reid McNeill and loses puck.
19:27 of 2nd period - Icing by Seth Jones.
19:28 of 2nd period - Colton Sissons wins face-off versus Juraj Mikus in Saguenéens zone.
19:35 of 2nd period - Snap shot by Colton Sissons.
19:35 of 2nd period - Stopped by Joe Cannata with a rebound.
19:37 of 2nd period - Wrist shot by Jujhar Khaira.
19:37 of 2nd period - Stopped by Joe Cannata with a rebound.
19:39 of 2nd period - Wrist shot by Jujhar Khaira.
19:39 of 2nd period - Stopped by Joe Cannata without a rebound.
19:40 of 2nd period - Kyle Brodziak wins face-off versus Calle Jarnkrok in Saguenéens zone.
19:40 of 2nd period - Kyle Brodziak is hit by Jimmy Hayes.
19:52 of 2nd period - Slapshot by Kyle Brodziak.
19:52 of 2nd period - Goal by Kyle Brodziak - Harfangs : 3 - Saguenéens : 2.
19:53 of 2nd period - Kyle Brodziak wins face-off versus Calle Jarnkrok in neutral zone.
Goals for this period are 3 for Harfangs vs 2 for Saguenéens.
Shots for this period are 14 for Harfangs vs 7 for Saguenéens.
3rd period
0:01 of 3rd period - Kyle Brodziak wins face-off versus Michael Bournival in neutral zone.
0:04 of 3rd period - Victor Bartley is hit by Carl Hagelin and loses puck.
0:29 of 3rd period - Icing by Dustin Jeffrey.
0:30 of 3rd period - Oscar Sundqvist wins face-off versus Juraj Mikus in Harfangs zone.
0:30 of 3rd period - Oscar Sundqvist is hit by Nick Mattson.
0:38 of 3rd period - Wrist shot by Tomas Kubalik.
0:38 of 3rd period - Shot Misses the Net.
0:52 of 3rd period - Wrist shot by Craig Cunningham.
0:52 of 3rd period - Shot Hit the Post.
0:54 of 3rd period - Wrist shot by Tobias Rieder.
0:54 of 3rd period - Shot Blocked by Jeff Petry.
0:56 of 3rd period - Slapshot by Seth Jones.
0:56 of 3rd period - Shot Blocked by Dustin Jeffrey.
0:58 of 3rd period - Wrist shot by Juraj Mikus.
0:58 of 3rd period - Stopped by Anton Forsberg with a rebound.
1:00 of 3rd period - Wrist shot by Craig Cunningham.
1:00 of 3rd period - Stopped by Anton Forsberg with a rebound.
1:02 of 3rd period - Snap shot by Seth Jones.
1:02 of 3rd period - Stopped by Anton Forsberg with a rebound.
1:04 of 3rd period - Snap shot by Craig Cunningham.
1:04 of 3rd period - Stopped by Anton Forsberg without a rebound.
1:05 of 3rd period - Kyle Brodziak wins face-off versus Calle Jarnkrok in Harfangs zone.
1:35 of 3rd period - Steve Ott is hit by Rhett Rakhshani and loses puck.
1:42 of 3rd period - Jake McCabe is hit by Andreas Martinsen and loses puck.
2:22 of 3rd period - Victor Bartley is hit by Tobias Rieder and loses puck.
3:02 of 3rd period - Icing by Bobby Sanguinetti.
3:03 of 3rd period - Juraj Mikus wins face-off versus Oscar Sundqvist in Saguenéens zone.
3:03 of 3rd period - Juraj Mikus is hit by Dustin Jeffrey.
3:35 of 3rd period - Wrist shot by Andreas Martinsen.
3:35 of 3rd period - Shot Blocked by Seth Jones.
3:37 of 3rd period - Snap shot by Andreas Martinsen.
3:37 of 3rd period - Shot Misses the Net.
3:39 of 3rd period - Snap shot by Steve McCarthy.
3:39 of 3rd period - Shot Misses the Net.
4:35 of 3rd period - Snap shot by Brandon Pirri.
4:35 of 3rd period - Stopped by Joe Cannata with a rebound.
4:43 of 3rd period - Wrist shot by Brandon Pirri.
4:43 of 3rd period - Stopped by Joe Cannata without a rebound.
4:44 of 3rd period - Calle Jarnkrok wins face-off versus Kyle Brodziak in Saguenéens zone.
4:49 of 3rd period - Snap shot by Michael Bournival.
4:49 of 3rd period - Goal by Michael Bournival - Harfangs : 4 - Saguenéens : 2.
4:50 of 3rd period - Calle Jarnkrok wins face-off versus Kyle Brodziak in neutral zone.
6:22 of 3rd period - Kerby Rychel is hit by Jeff Petry and loses puck.
6:41 of 3rd period - Nick Mattson is hit by Jeff Petry and loses puck.
7:00 of 3rd period - Nathan MacKinnon is hit by Steve Ott and loses puck.
7:09 of 3rd period - Wrist shot by Andreas Martinsen.
7:09 of 3rd period - Deflect By Brandon Pirri.
7:09 of 3rd period - Shot Misses the Net.
7:09 of 3rd period - Puck is out of play.
7:10 of 3rd period - Calle Jarnkrok wins face-off versus Carl Hagelin in Saguenéens zone.
7:21 of 3rd period - Carl Hagelin is hit by Reid McNeill and loses puck.
7:44 of 3rd period - Wrist shot by Tobias Rieder.
7:44 of 3rd period - Stopped by Anton Forsberg with a rebound.
7:46 of 3rd period - Snap shot by Tobias Rieder.
7:46 of 3rd period - Shot Blocked by Reid McNeill.
7:56 of 3rd period - Slapshot by Jake McCabe.
7:56 of 3rd period - Stopped by Anton Forsberg without a rebound.
7:57 of 3rd period - Tanner Richard wins face-off versus Steve Ott in Harfangs zone.
8:00 of 3rd period - Slapshot by Jake McCabe.
8:00 of 3rd period - Stopped by Anton Forsberg with a rebound.
8:02 of 3rd period - Wrist shot by Jerry D'Amigo.
8:02 of 3rd period - Shot Misses the Net.
8:04 of 3rd period - Backhand shot by Jake McCabe.
8:04 of 3rd period - Stopped by Anton Forsberg with a rebound.
8:06 of 3rd period - Snap shot by Tanner Richard.
8:06 of 3rd period - Goal by Tanner Richard - Harfangs : 4 - Saguenéens : 3.
8:07 of 3rd period - Carl Hagelin wins face-off versus Calle Jarnkrok in neutral zone.
8:16 of 3rd period - Wrist shot by Carl Hagelin.
8:16 of 3rd period - Deflect By Luke Witkowski.
8:16 of 3rd period - Shot Blocked by Jeff Petry.
8:16 of 3rd period - Puck is out of play.
8:17 of 3rd period - Kyle Brodziak wins face-off versus Calle Jarnkrok in Harfangs zone.
8:18 of 3rd period - Snap shot by Luke Witkowski.
8:18 of 3rd period - Shot Misses the Net.
8:20 of 3rd period - Slapshot by Luke Witkowski.
8:20 of 3rd period - Shot Misses the Net.
8:22 of 3rd period - Slapshot by Luke Witkowski.
8:22 of 3rd period - Stopped by Anton Forsberg with a rebound.
8:42 of 3rd period - Slapshot by Seth Jones.
8:42 of 3rd period - Shot Misses the Net.
8:44 of 3rd period - Snap shot by Carl Hagelin.
8:44 of 3rd period - Stopped by Anton Forsberg with a rebound.
8:46 of 3rd period - Snap shot by Carl Hagelin.
8:46 of 3rd period - Stopped by Anton Forsberg with a rebound.
8:48 of 3rd period - Slapshot by Seth Jones.
8:48 of 3rd period - Shot Blocked by Reid McNeill.
8:50 of 3rd period - Slapshot by Seth Jones.
8:50 of 3rd period - Shot Blocked by Michael Bournival.
8:52 of 3rd period - Wrist shot by Carl Hagelin.
8:52 of 3rd period - Shot Misses the Net.
8:54 of 3rd period - Wrist shot by Carl Hagelin.
8:54 of 3rd period - Stopped by Anton Forsberg with a rebound.
8:56 of 3rd period - Slapshot by Carl Hagelin.
8:56 of 3rd period - Goal by Carl Hagelin - Harfangs : 4 - Saguenéens : 4.
8:57 of 3rd period - Oscar Sundqvist wins face-off versus Juraj Mikus in neutral zone.
9:00 of 3rd period - Wrist shot by Tomas Kubalik.
9:00 of 3rd period - Shot Blocked by Bobby Sanguinetti.
9:02 of 3rd period - Slapshot by Steve McCarthy.
9:02 of 3rd period - Shot Blocked by Nick Mattson.
9:04 of 3rd period - Backhand shot by Steve McCarthy.
9:04 of 3rd period - Stopped by Joe Cannata without a rebound.
9:05 of 3rd period - Oscar Sundqvist wins face-off versus Tobias Rieder in Saguenéens zone.
9:39 of 3rd period - Slapshot by Steve McCarthy.
9:39 of 3rd period - Shot Blocked by Bobby Sanguinetti.
9:52 of 3rd period - Off-side.
9:53 of 3rd period - Nathan MacKinnon wins face-off versus Steve Ott in neutral zone.
10:02 of 3rd period - Wrist shot by Andreas Martinsen.
10:02 of 3rd period - Shot Misses the Net.
10:04 of 3rd period - Slapshot by Reid McNeill.
10:04 of 3rd period - Stopped by Joe Cannata with a rebound.
10:22 of 3rd period - Slapshot by Jimmy Hayes.
10:22 of 3rd period - Stopped by Joe Cannata without a rebound.
10:23 of 3rd period - Kyle Brodziak wins face-off versus Calle Jarnkrok in Saguenéens zone.
10:30 of 3rd period - Snap shot by Jimmy Hayes.
10:30 of 3rd period - Shot Misses the Net.
10:32 of 3rd period - Snap shot by Jimmy Hayes.
10:32 of 3rd period - Stopped by Joe Cannata with a rebound.
10:34 of 3rd period - Snap shot by Victor Bartley.
10:34 of 3rd period - Shot Blocked by Nick Mattson.
10:36 of 3rd period - Wrist shot by Jimmy Hayes.
10:36 of 3rd period - Shot Misses the Net.
10:38 of 3rd period - Snap shot by Michael Bournival.
10:38 of 3rd period - Stopped by Joe Cannata with a rebound.
10:48 of 3rd period - Dustin Jeffrey is hit by Nick Mattson and loses puck.
11:13 of 3rd period - Slapshot by Bobby Sanguinetti.
11:13 of 3rd period - Stopped by Anton Forsberg without a rebound.
11:14 of 3rd period - Nathan MacKinnon wins face-off versus Calle Jarnkrok in Harfangs zone.
11:15 of 3rd period - Slapshot by Seth Jones.
11:15 of 3rd period - Stopped by Anton Forsberg with a rebound.
11:17 of 3rd period - Slapshot by Seth Jones.
11:17 of 3rd period - Stopped by Anton Forsberg with a rebound.
11:19 of 3rd period - Wrist shot by Teemu Pulkkinen.
11:19 of 3rd period - Shot Misses the Net.
11:21 of 3rd period - Wrist shot by Teemu Pulkkinen.
11:21 of 3rd period - Shot Blocked by Michael Bournival.
11:39 of 3rd period - Teemu Pulkkinen is hit by Andreas Martinsen and loses puck.
11:56 of 3rd period - Snap shot by Rhett Rakhshani.
11:56 of 3rd period - Stopped by Anton Forsberg without a rebound.
11:57 of 3rd period - Calle Jarnkrok wins face-off versus Kyle Brodziak in Harfangs zone.
11:59 of 3rd period - Minor Penalty to Michael Bournival for Hooking.
12:00 of 3rd period - Steve Ott wins face-off versus Kyle Brodziak in Harfangs zone.
12:20 of 3rd period - Jimmy Hayes is hit by Luke Witkowski and loses puck.
13:59 of 3rd period - Penalty to Michael Bournival is over, Michael Bournival is back on ice.
14:07 of 3rd period - Snap shot by Mattias Janmark.
14:07 of 3rd period - Stopped by Anton Forsberg with a rebound.
14:09 of 3rd period - Backhand shot by Nick Mattson.
14:09 of 3rd period - Shot Blocked by Colton Sissons.
14:11 of 3rd period - Snap shot by Jerry D'Amigo.
14:11 of 3rd period - Shot Blocked by Brenden Kichton.
14:23 of 3rd period - Patrick Sieloff is hit by Jimmy Hayes and loses puck.
14:38 of 3rd period - Patrick Sieloff is hit by Dustin Jeffrey and loses puck.
15:18 of 3rd period - Carl Hagelin is hit by Tomas Kubalik and loses puck.
15:41 of 3rd period - Ryan Hartman is hit by Patrick Sieloff and loses puck.
16:44 of 3rd period - Snap shot by Jerry D'Amigo.
16:44 of 3rd period - Stopped by Anton Forsberg without a rebound.
16:45 of 3rd period - Steve Ott wins face-off versus Tanner Richard in Harfangs zone.
16:52 of 3rd period - Steve Ott is hit by Jake McCabe and loses puck.
16:57 of 3rd period - Slapshot by Seth Jones.
16:57 of 3rd period - Shot Misses the Net.
16:59 of 3rd period - Snap shot by Kerby Rychel.
16:59 of 3rd period - Stopped by Anton Forsberg with a rebound.
17:09 of 3rd period - Slapshot by Nick Mattson.
17:09 of 3rd period - Shot Misses the Net.
17:25 of 3rd period - Victor Bartley is hit by Bobby Sanguinetti and loses puck.
17:44 of 3rd period - Seth Jones is hit by Steve McCarthy and loses puck.
17:55 of 3rd period - Wrist shot by Tanner Richard.
17:55 of 3rd period - Stopped by Anton Forsberg with a rebound.
18:01 of 3rd period - Wrist shot by Jerry D'Amigo.
18:01 of 3rd period - Shot Misses the Net.
18:09 of 3rd period - Slapshot by Bobby Sanguinetti.
18:09 of 3rd period - Stopped by Anton Forsberg without a rebound.
18:10 of 3rd period - Nathan MacKinnon wins face-off versus Steve Ott in Harfangs zone.
18:19 of 3rd period - Wrist shot by Nathan MacKinnon.
18:19 of 3rd period - Stopped by Anton Forsberg with a rebound.
18:21 of 3rd period - Snap shot by Teemu Pulkkinen.
18:21 of 3rd period - Stopped by Anton Forsberg with a rebound.
18:23 of 3rd period - Slapshot by Seth Jones.
18:23 of 3rd period - Shot Misses the Net.
18:25 of 3rd period - Slapshot by Jake McCabe.
18:25 of 3rd period - Goal by Jake McCabe - Harfangs : 4 - Saguenéens : 5.
18:26 of 3rd period - Steve Ott wins face-off versus Nathan MacKinnon in neutral zone.
18:31 of 3rd period - Harfangs, Anton Forsberg is pulled from the net.
19:05 of 3rd period - Wrist shot by Jimmy Hayes.
19:05 of 3rd period - Deflect By Calle Jarnkrok.
19:05 of 3rd period - Shot Misses the Net.
19:05 of 3rd period - Puck is out of play.
19:06 of 3rd period - Mike Sullivan call a timeout for Harfangs.
19:06 of 3rd period - Kyle Brodziak wins face-off versus Jimmy Hayes in Saguenéens zone.
Goals for this period are 1 for Harfangs vs 3 for Saguenéens.
Shots for this period are 8 for Harfangs vs 26 for Saguenéens.
Back to the Top